AoeStats
← Racist Virgin Incel

Highland

504778550Analyzed
3v3 RM · 27d ago on Sep 6, 2026· 90m 50s· 6 players
Game mode
Random Map
Map size
Normal (6 player)
Population
200
Speed
Normal
Resources
Standard
Victory
Conquest
Starting age
Dark Age
Ending age
Imperial Age
RankedLock teamsTeams togetherTeam positionsShared explorationLock speedFull tech treeHidden civsTurbo modeCheats
Victory
Defeat
🇨🇱 Teutons · Chile
885
+13
🇱🇹 Poles · Lithuania
867
+14
🇧🇷 Georgians · Brazil
786
+17
🇨🇦 Britons · Canada
858
-16
🇲🇽 Khitans · Mexico
826
-15
🇩🇪 Huns · Germany
773
-13
riechie95
12:12 Feudal Age
13:19 Horse Collar
13:29 Double-Bit Axe
21:03 Castle Age
20:44 Padded Archer Armor
21:07 Scale Mail Armor
21:18 Forging
24:26 Bloodlines
24:17 Husbandry
25:01 Bow Saw
26:09 Heavy Plow
27:42 Ballistics
28:04 Leather Archer Armor
28:52 Thumb Ring
29:41 Loom
32:16 Fletching
31:53 Pikeman
32:34 Squires
35:18 Iron Casting
37:29 Chain Mail Armor
37:36 Bodkin Arrow
44:49 Imperial Age
45:58 Conscription
45:53 Masonry
46:45 Chemistry
49:01 Parthian Tactics
49:45 Halberdier
51:50 Bracer
54:02 Guilds
56:04 Heavy Cavalry Archer
61:48 Wheelbarrow
63:18 Murder Holes
68:48 Blast Furnace
Marshall
13:51 Feudal Age
14:58 Double-Bit Axe
14:57 Horse Collar
18:41 Padded Archer Armor
18:32 Fletching
20:08 Gold Mining
23:32 Castle Age
23:33 Crossbowman
24:15 Bodkin Arrow
24:35 Leather Archer Armor
24:40 Bow Saw
25:29 Stone Mining
25:53 Heavy Plow
27:22 Gold Shaft Mining
27:44 Ballistics
31:22 Imperial Age
33:25 Two-Man Saw
33:17 Bracer
33:47 Ring Archer Armor
33:57 Murder Holes
34:54 Conscription
35:25 Warwolf
39:43 Forging
39:55 Elite Longbowman
40:02 Elite Longbowman
45:01 Gambesons
45:17 Squires
45:02 Arson
44:38 Pikeman
46:22 Halberdier
48:10 Yeomen
48:21 Yeomen
50:12 Medium Warships
53:46 Heavy Warships
55:00 Chemistry
60:59 Iron Casting
72:04 Man-at-Arms
72:49 Long Swordsman
73:27 Two-Handed Swordsman
74:48 Champion
83:45 Blast Furnace
82:45 Scale Mail Armor
Marquis de Sade
8:54 Loom
10:40 Feudal Age
13:33 Domestication
13:52 Double-Bit Axe
19:19 Gold Mining
23:01 Castle Age
21:25 Forging
23:17 Scale Barding Armor
24:13 Husbandry
24:53 Iron Casting
24:58 Pastoralism
26:28 Scale Mail Armor
29:14 Squires
28:34 Pikeman
29:01 Gambesons
32:40 Wheelbarrow
33:11 Heavy Cavalry Archer
35:24 Fletching
43:07 Thumb Ring
43:23 Padded Archer Armor
48:08 Hand Cart
48:11 Town Watch
52:22 Town Patrol
56:36 Caravan
62:50 Imperial Age
61:04 Elite Skirmisher
64:18 Bodkin Arrow
67:05 Conscription
69:20 Heavy Camel Rider
72:55 Chemistry
72:16 Ballistics
72:10 Masonry
71:41 Treadmill Crane
72:15 Masonry
75:16 Light Cavalry
81:02 Bow Saw
84:26 Hussar
84:30 Elite Steppe Lancer
juan991.fz
0:41 Loom
12:45 Feudal Age
13:52 Double-Bit Axe
13:49 Horse Collar
18:58 Gold Mining
20:42 Stone Mining
21:06 Fishing Lines
21:49 Scale Mail Armor
21:59 Forging
21:40 Fletching
21:51 Padded Archer Armor
24:08 Castle Age
22:51 Scale Barding Armor
25:11 Wheelbarrow
25:16 Bow Saw
25:14 Arson
25:29 Squires
24:50 Pikeman
25:16 Gambesons
24:52 Man-at-Arms
25:46 Heavy Plow
28:34 Long Swordsman
28:37 Elite Skirmisher
29:15 Crossbowman
30:53 Chain Mail Armor
35:08 Hand Cart
35:59 Stone Shaft Mining
39:52 Imperial Age
37:09 Demolition Ship
37:59 Medium Warships
39:28 Bloodlines
40:06 Chain Barding Armor
40:21 Iron Casting
40:33 Cavalier
42:33 Town Watch
43:33 Crop Rotation
44:43 Chemistry
44:04 Ballistics
44:21 Plate Barding Armor
43:32 Elite Teutonic Knight
44:33 Crenellations
45:46 Hoardings
44:41 Sappers
45:32 Conscription
46:29 Caravan
46:39 Paladin
48:55 Heavy Scorpion
50:38 Town Patrol
55:01 Halberdier
56:37 Fortified Wall
56:39 Masonry
56:20 Heated Shot
56:27 Bodkin Arrow
57:27 Plate Mail Armor
57:58 Blast Furnace
60:08 Leather Archer Armor
60:00 Siege Engineers
60:17 Bombard Tower
61:13 Onager
72:08 Siege Onager
72:09 Capped Ram
83:02 Two-Man Saw
RHMM16
11:39 Feudal Age
14:34 Horse Collar
17:08 Castle Age
14:57 Double-Bit Axe
15:50 Stone Mining
21:34 Wheelbarrow
26:05 Heavy Plow
29:05 Scale Barding Armor
29:58 Bloodlines
30:25 Husbandry
30:51 Hand Cart
35:49 Imperial Age
37:56 Conscription
38:23 Elite Monaspa
44:53 Caravan
45:44 Arson
46:00 Squires
45:21 Pikeman
49:35 Chain Barding Armor
49:27 Forging
51:23 Halberdier
64:23 Iron Casting
64:20 Town Watch
72:17 Aznauri Cavalry
76:23 Scale Mail Armor
Racist Virgin Incel
9:34 Feudal Age
10:53 Horse Collar
11:53 Wheelbarrow
12:27 Double-Bit Axe
20:23 Castle Age
19:32 Gold Mining
19:34 Stone Mining
21:53 Bow Saw
22:29 Stone Shaft Mining
22:37 Caravan
24:00 Fletching
25:01 Bodkin Arrow
26:29 Heavy Plow
27:46 Ballistics
28:31 Scale Mail Armor
31:55 Imperial Age
30:48 Chain Mail Armor
32:41 Bracer
32:49 Padded Archer Armor
32:58 Scale Barding Armor
33:03 Forging
33:46 Crop Rotation
35:44 Bloodlines
35:35 Husbandry
35:27 Light Cavalry
35:29 Cavalier
36:46 Winged Hussar
37:59 Chain Barding Armor
38:15 Iron Casting
Connection lost

Rejoining the realm…

Still unreachable

The connection could not be restored.

Session expired

The server has moved on; the page needs a fresh start.